 Dungeon Crawl Stone Soup version 0.32-a0-994-gabb26cbae4 (webtiles) character file.

Game seed: 15540372219344458997

492 Ijustatesigmund the Firebug (level 6, -3/53 HPs)
             Began as a Mountain Dwarf Fire Elementalist on Apr 22, 2024.
             Slain by a hound (4 damage)
             ... on level 4 of the Dungeon.
             The game lasted 00:06:03 (5628 turns).

Ijustatesigmund the Firebug (MDFE)                  Turns: 5628, Time: 00:06:04

Health: -3/53      AC:  2    Str: 11    XL:     6   Next: 91%
Magic:  0/11       EV: 10    Int: 17    God:
Gold:   96         SH:  0    Dex: 10    Spells: 9/12 levels left

rFire   . . .        g - +0 whip
rCold   . . .        (no shield)
rNeg    . . .        a - +0 robe
rPois   .            (no helmet)
rElec   .            (no cloak)
rCorr   .            (no gloves)
SInv    .            (no boots)
Will    .....        (no amulet)
Stlth   ++           (no ring)
HPRegen 0.28/turn    (no ring)
MPRegen 0.12/turn

%: no passive effects
@: no status effects
A: runic magic, artefact enchanting
a: no special abilities


You were on level 4 of the Dungeon.
You visited 1 branch of the dungeon, and saw 4 of its levels.

You collected 96 gold pieces.

Inventory:

Hand Weapons
 g - a +0 whip (weapon)
Armour
 a - a +0 robe (worn)
Scrolls
 c - a scroll of identify {unknown}
 e - a scroll of teleportation
 f - a scroll of noise {unknown}


   Skills:
 + Level 4.3 Fighting
 - Level 1.3 Dodging
 - Level 1.4 Stealth
 + Level 3.8 Spellcasting
 - Level 0.8 Conjurations
 + Level 6.2 Fire Magic


You had 9 spell levels left.
You knew the following spells:

 Your Spells              Type           Power      Damage    Failure   Level
a - Foxfire               Conj/Fire      60%        2x1d7     3%          1
b - Scorch                Fire           48%        2d7       1%          2

Your spell library contained the following spells:

 Spells                   Type           Power      Damage    Failure   Level
 Inner Flame              Hex/Fire       13%        N/A       14%         3
 Volatile Blastmotes      Fire/Tloc      26%        2d12      14%         3
 Flame Wave               Conj/Fire      15%        2d7       36%         4
 Fugue of the Fallen      Necr           3%         N/A       43%         3
 Ozocubu's Armour         Ice            3%         N/A       43%         3
 Manifold Assault         Tloc           1%         N/A       100%        7


Dungeon Overview and Level Annotations

Branches:
Dungeon (4/15)
 Temple: D:4-7

Altars:
Dithmenos
Wu Jian

Shops:
D:2 [

Annotations:
D:3 3 runed translucent doors, P0WERM0DE's ghost, amateur CoCK; arvianne's ghost, amateur KoBr


Innate Abilities, Weirdness & Mutations

Your spellcasting is much less encumbered by armour.
You can use scrolls of enchantment on lesser artefacts.


Message History

Casting: Scorch (safe; 1% risk of failure)
Confirm with . or Enter, or press ? or * to list all spells.
You conjure some foxfire!
The hound bites you.
The giant cockroach bites you but does no damage.
The foxfire hits the giant cockroach.
You kill the giant cockroach!
The foxfire hits the hound.
The hound is burned terribly!
The hound is heavily wounded.
The hound bites you. The hound barely misses you.
Casting: Foxfire (safe; 3% risk of failure)
Confirm with . or Enter, or press ? or * to list all spells.
You conjure some foxfire!
The hound is no longer more vulnerable to fire.
The hound bites you.
* * * LOW HITPOINT WARNING * * *
The foxfire hits the hound.
The hound is severely wounded.
The foxfire hits the hound.
The hound is almost dead.
The hound bites you.
* * * LOW HITPOINT WARNING * * *
The hound bites you.
* * * LOW HITPOINT WARNING * * *
You miss the hound.
The hound is almost dead.
The hound closely misses you. The hound bites you.
* * * LOW HITPOINT WARNING * * *
You miss the hound.
The hound is almost dead.
The hound bites you but does no damage.
You closely miss the hound.
The hound is almost dead.
The hound bites you.
* * * LOW HITPOINT WARNING * * *
The hound bites you.
* * * LOW HITPOINT WARNING * * *
Casting: Foxfire (safe; 3% risk of failure)
Confirm with . or Enter, or press ? or * to list all spells.
You conjure some foxfire!
The hound bites you.
You die...

#.........
#.<.......
#.........
##........
########........
#...............
#.#####..†......
#.h.......
#@v.......
#v........
###†###.....
#...#⌠#....#
#.)†###.####
#..)....#
#......##
#......#
#......#


You could see a hound (ally target).

Vanquished Creatures
  Grinder (D:3)
  3 hounds
  2 orc wizards (D:3)
  4 gnolls
  4 adders
  4 dart slugs
  A ribbon worm (D:3)
  3 orcs
  8 bats
  4 endoplasms
  2 giant cockroaches
  10 goblins
  4 hobgoblins
  4 jackals
  4 quokkas
  11 ball pythons
  7 frilled lizards
  6 kobolds
  3 rats
85 creatures vanquished.

Vanquished Creatures (others)
  279 foxfires
279 creatures vanquished.

Grand Total: 364 creatures vanquished

Notes
Turn   | Place    | Note
-------+----------+-------------------------------------------
     0 | D:1      | Ijustatesigmund the Mountain Dwarf Fire Elementalist began
                  | the quest for the Orb.
     0 | D:1      | Reached XP level 1. HP: 14/14 MP: 3/3
   512 | D:1      | Reached skill level 1 in Fighting
   512 | D:1      | Reached XP level 2. HP: 23/23 MP: 1/5
   518 | D:1      | Learned a level 2 spell: Scorch
   746 | D:1      | Reached skill level 4 in Fire Magic
  1476 | D:2      | Reached XP level 3. HP: 28/28 MP: 4/6
  1836 | D:2      | Reached XP level 4. HP: 36/36 MP: 7/7
  2185 | D:2      | Found Vaanka's Antique Armour Shop.
  2684 | D:3      | Found a shadowy altar of Dithmenos.
  3489 | D:3      | Found an ornate altar of the Wu Jian Council.
  3817 | D:3      | Noticed Grinder
  3830 | D:3      | Killed Grinder
  3831 | D:3      | Reached skill level 5 in Fire Magic
  3831 | D:3      | Reached XP level 5. HP: 17/46 MP: 6/10
  3831 | D:3      | Reached XP level 6. HP: 19/52 MP: 6/11
  4226 | D:3      | Found a runed translucent gate.
  4226 | D:3      | Found a runed translucent gate.
  4226 | D:3      | Found a runed translucent gate.
  4229 | D:3      | Noticed P0WERM0DE's ghost (amateur CoCK)
  4229 | D:3      | Noticed arvianne's ghost (amateur KoBr)
  5400 | D:3      | Reached skill level 6 in Fire Magic
  5627 | D:4      | HP: 1/53 [hound (4)]
  5628 | D:4      | Slain by a hound

Illustrated notes

Levels and vault maps discovered:
D:1:      evilmike_arrival_rings, layout_basic, minmay_shallow_snake_nest
D:2:      layout_rooms, serial_shops, nicolae_shop_competitors_out_of_business
D:3:      layout_basic, nicolae_dithmenos_through_a_glass_darkly,
          lemuel_round_altar, gammafunk_ghost_cemetery, uniq_grinder
D:4:      layout_rooms, minmay_temple_entry_arrows, feat_on_display,
          uniq_natasha, uniq_edmund

Skill      XL: |  1  2  3  4  5  6 |
---------------+-------------------+-----
Spellcasting   | 2 3 |  3.8
Fighting       | 1 2 3 4 |  4.3
Fire Magic     | 4 5 6 |  6.2
Dodging        | |  1.3
Stealth        | |  1.4
Conjurations   | |  0.8

Action                     |  1- 3 |  4- 6 || total
---------------------------+-------+-------++-------
  Melee: Whip              |    44 |    45 ||    89
   Cast: Foxfire           |    63 |    98 ||   161
         Scorch            |     2 |    30 ||    32
    Use: Potion            |     2 |     5 ||     7
         Scroll            |       |     1 ||     1
 Armour: Robe              |    39 |    69 ||   108
         Skin              |       |    14 ||    14
  Dodge: Dodged            |    43 |    59 ||   102

Table legend: (Time is in decaauts)
 A = Elapsed time spent in this place.
 B = Non-inter-level travel time spent in this place.
 C = Inter-level travel time spent in this place.
 D = Time resting spent in this place.
 E = Time spent auto-exploring this place.
 F = Levels seen in this place.
 G = Mean time per level.
                   A        B        C        D        E       F      G
               +--------+--------+--------+--------+--------+-----+--------+
         Total |   5637 |   5505 |    132 |   1658 |   3164 |   4 | 1409.2 |
       Dungeon |   5637 |   5505 |    132 |   1658 |   3164 |   4 | 1409.2 |
               +--------+--------+--------+--------+--------+-----+--------+

Top non-repeatable levels by time:
     D:3: 2801 daAuts
     D:1: 1387 daAuts
     D:2: 1250 daAuts
     D:4: 197 daAuts
